 Dungeon Crawl Stone Soup version 0.23.2-1-ga50397a6bc (webtiles) character file.

Game seed: 8945483445028768600

13497 Mrkan the Grappler (level 11, -14/111 HPs)
             Began as a Troll Monk on May 20, 2019.
             Was the Champion of Okawaru.
             Demolished by Snorg (24 damage)
             ... on level 10 of the Dungeon.
             The game lasted 00:17:45 (7878 turns).

Mrkan the Grappler (Troll Monk)                     Turns: 7878, Time: 00:17:46

Health: -14/111    AC: 12    Str: 22    XL:     11   Next: 76%
Magic:  25/25      EV: 12    Int: 13    God:    Okawaru [******]
Gold:   576        SH:  0    Dex: 12    Spells: 10/10 levels left

rFire    . . .     SeeInvis .     - Unarmed
rCold    . . .     Gourm    +   (no shield)
rNeg     . . .     Faith    .   F - +0 robe of a treasure trove {Regen+ MP+9 Str-2 Int+7}
rPois    .         Spirit   .   (helmet restricted)
rElec    .         Reflect  .   c - scarf {cloud immunity}
rCorr    .         Harm     .   (gloves unavailable)
MR       .....                  (boots unavailable)
Stlth    ++........             (no amulet)
HPRegen  1.08/turn              v - +6 ring of protection
MPRegen  0.19/turn              (no ring)

@: flying, very slightly contaminated, starving
A: large, unfitting armour, claws 3, fast metabolism 3, gourmand, regeneration
1, shaggy fur 1, tough skin 3
a: Heroism, Finesse, Renounce Religion


You were on level 10 of the Dungeon.
You worshipped Okawaru.
Okawaru was exalted by your worship.
You were starving.

You visited 1 branch of the dungeon, and saw 10 of its levels.
You also visited: Bailey.

You collected 576 gold pieces.

Inventory:

Hand Weapons
 k - a +0 whip of freezing
 A - a +1 flail of draining
 E - the +7 quarterstaff of the Volcano {drain, rC+ MR+}
   (You found it on level 7 of the Dungeon)

   A truly terrible weapon, it drains the life of those it strikes.
   It protects you from cold.
   It affects your resistance to hostile enchantments.
 L - a +4 scimitar of flaming
Armour
 a - a +0 robe
 c - a scarf of cloud immunity (worn)
 f - a +0 cloak
 F - the +0 robe of a treasure trove (worn) {Regen+ MP+9 Str-2 Int+7}
   (Okawaru gifted it to you in a bailey)

   It affects your strength (-2).
   It affects your intelligence (+7).
   It affects your magic capacity (+9).
   It increases your rate of regeneration.
 K - a +2 large shield of protection
Jewellery
 l - an uncursed ring of protection from fire
 n - the ring of Fynwejew {*Slow +Fly MR++ Str+4, unknown}
   (You found it on level 8 of the Dungeon)

   [ring of flight]

   It affects your strength (+4).
   It affects your resistance to hostile enchantments.
   It lets you fly.
   It may slow you when you take damage.
 p - an uncursed amulet of harm
 v - a +6 ring of protection (left claw)
Wands
 m - a wand of enslavement (9)
 t - a wand of paralysis (6)
 w - a wand of iceblast (18)
 G - a wand of disintegration (48)
 P - a wand of acid (7)
Scrolls
 d - 4 scrolls of remove curse
 g - 4 scrolls of teleportation
 i - 4 scrolls of identify
 u - a scroll of enchant armour {unknown}
 y - 5 scrolls of amnesia
 C - a scroll of random uselessness
 H - a scroll of enchant weapon {unknown}
 J - a scroll of blinking {unknown}
 N - a scroll of magic mapping
 O - a scroll of vulnerability {unknown}
 Q - a scroll of acquirement {unknown}
Potions
 e - 4 potions of berserk rage
 h - a potion of curing {unknown}
 j - a potion of agility
 o - a potion of flight
 q - a potion of cancellation
 r - a potion of resistance {unknown}
 s - a potion of degeneration {unknown}
 x - a potion of lignification {unknown}
 z - 2 potions of brilliance {unknown}
 B - 2 potions of mutation {unknown}
 D - a potion of ambrosia {unknown}
 I - a potion of haste {unknown}
 M - 2 potions of heal wounds {unknown}
 S - a potion of might {unknown}
Miscellaneous
 R - a lamp of fire
Comestibles
 b - 16 rations


   Skills:
 + Level 8.0 Fighting
 + Level 6.2 Dodging
 - Level 1.0 Stealth
 * Level 12.8 Unarmed Combat
 + Level 8.0 Invocations


You had 10 spell levels left.
You didn't know any spells.
Your spell library contained the following spells:

 Spells                   Type           Power        Failure   Level  Hunger
 Corona                   Hex            #......      30%         1    ##.....
 Ensorcelled Hibernation  Hex/Ice        #.....       43%         2    ###....
 Confuse                  Hex            #.......     67%         3    ####...
 Dazzling Spray           Conj/Hex       #.....       67%         3    ####...
 Tukima's Dance           Hex            #.......     67%         3    ####...


Dungeon Overview and Level Annotations

Branches:
Dungeon (10/15)            Temple (0/1) D:6            Lair (0/6) D:10
    Orc (0/2) D:9

Altars:
Ashenzari
Cheibriados
Fedhas
Gozag
Hepliaklqana
Kikubaaqudgha
Makhleb
Nemelex Xobeh
Okawaru
Sif Muna
Trog
Uskayaw
Wu Jian
Xom
Yredelemnul

Shops:
D:10 =

Annotations:
D:10 Grum, Snorg


Innate Abilities, Weirdness & Mutations

You are too large for most types of armour.
You have claws for hands.
Your metabolism is lightning-fast.
You like to eat raw meat.
Your natural rate of healing is unusually fast.
You are covered in fur. (AC +1)
You have extremely tough skin. (AC +3)


Message History

Found an escape hatch in the floor.
Okay, then.
Snorg bites you! Snorg claws you.
* * * LOW HITPOINT WARNING * * *
Snorg claws you but does no damage.
Grum glances around and shouts, "Rex!
Here boy!"
Snorg bites you!
* * * LOW HITPOINT WARNING * * *
Snorg claws you!
* * * LOW HITPOINT WARNING * * *
Snorg claws you but does no damage.
Found a stone staircase leading down.
It was a potion of cancellation.
You feel magically purged.
You feel slightly less contaminated with magical energies.
Snorg barely misses you.
Snorg misses you. x2; Grum closely misses you.
Okay, then.
It was a potion of flight.
You feel very buoyant.
You fly up into the air.
Snorg bites you!!
You die...

...........(####.###
.......[.........#
....P.P...##.###.#
...P.P.P..P#..##.#
.)....P)..P##.##.#
.P.....P.P.P#.##h#
P..####.P.P....#g#
.†.'.)#P.....#.#T#
...#.>#...P.##.#@#
.P.####.P..P##...#
..P(....P...###..#
.PPP.......## #>.#
P.P.P...P..# #..#
P.........## #..#
##......### ##.#
####.### #.> ##.#


You could see Snorg (berserk), Grum and a wolf.

Vanquished Creatures
  Gastronok (D:8)
  Erica (D:8)
  A two-headed ogre (D:8)
  Pikel (D:7)
  An ugly thing (D:8)
  4 deep elf magi (Bailey)
  Maurice (D:8)
  Joseph (D:8)
  Psyche (D:10)
  A centaur skeleton (D:10)
  Prince Ribbit (D:6)
  2 dream sheep (D:10)
  Sigmund (D:5)
  9 yaks
  A wyvern (D:8)
  Edmund (D:5)
  3 slaves (D:7)
  2 ice beasts
  3 orc warriors
  A necrophage (D:8)
  3 black bears
  2 phantoms
  A sky beast (D:6)
  2 wolves (D:10)
  3 centaurs
  4 ogres
  2 crocodiles
  3 big kobolds
  3 bullfrogs
  A wyvern zombie (D:7)
  5 scorpions
  A wyvern skeleton (D:9)
  9 killer bees
  3 howler monkeys
  A vampire bat (D:9)
  4 crimson imps
  A centaur zombie (D:5)
  8 hounds
  2 quasits (D:8)
  2 bullfrog skeletons
  4 jellies
  3 orc priests (D:7)
  2 orc wizards (D:7)
  5 iguanas
  5 worker ants
  2 hound zombies
  A howler monkey zombie (D:5)
  3 worker ant zombies (D:5)
  5 adders
  8 gnolls
  A shadow imp (D:10)
  An ooze (D:1)
  An adder skeleton (D:9)
  A worm (D:4)
  A dart slug (D:4)
  8 leopard geckos
  34 orcs
  3 bat skeletons (D:9)
  2 bat zombies (D:9)
  7 giant cockroaches
  7 goblins
  8 hobgoblins
  20 jackals
  12 kobolds
  3 quokkas
  7 bats
  7 frilled lizards
  2 jackal skeletons
  A jackal zombie (D:5)
  4 rats
  A fungus (D:10)
266 creatures vanquished.

Vanquished Creatures (others)
  A fungus (D:10)
  2 plants (D:10)
3 creatures vanquished.

Grand Total: 269 creatures vanquished

Notes
Turn   | Place    | Note
-------+----------+-------------------------------------------
     0 | D:1      | Mrkan the Troll Monk began the quest for the Orb.
     0 | D:1      | Reached XP level 1. HP: 22/22 MP: 0/0
   147 | D:1      | Reached XP level 2. HP: 29/29 MP: 1/1
   301 | D:1      | Reached XP level 3. HP: 14/36 MP: 2/2
   541 | D:2      | Reached skill level 4 in Unarmed Combat
   583 | D:2      | Found an opulent altar of Gozag.
   892 | D:2      | Found an iron altar of Okawaru.
   893 | D:2      | Found a bloodstained altar of Trog.
   899 | D:2      | Became a worshipper of Warmaster Okawaru
   899 | D:2      | Reached * piety under Okawaru
   899 | D:2      | Reached ** piety under Okawaru
  1044 | D:2      | Found a deep blue altar of Sif Muna.
  1078 | D:2      | Reached XP level 4. HP: 38/45 MP: 3/3
  1105 | D:3      | Found a blossoming altar of Fedhas.
  1265 | D:3      | Noticed a bullfrog
  1339 | D:3      | Killed a bullfrog
  1339 | D:3      | Reached skill level 5 in Unarmed Combat
  1339 | D:3      | Reached skill level 1 in Invocations
  1339 | D:3      | Reached XP level 5. HP: 42/53 MP: 4/4
  1416 | D:3      | Found a shattered altar of Ashenzari.
  2226 | D:4      | Reached XP level 6. HP: 54/61 MP: 6/6
  2773 | D:5      | Entered Level 5 of the Dungeon
  2844 | D:5      | Noticed an ice beast
  2859 | D:5      | Killed an ice beast
  2859 | D:5      | Reached skill level 6 in Unarmed Combat
  2901 | D:5      | Reached XP level 7. HP: 38/70 MP: 6/8
  2912 | D:5      | Reached *** piety under Okawaru
  3015 | D:5      | Found a hide-covered altar of Uskayaw.
  3223 | D:5      | Reached skill level 7 in Unarmed Combat
  3284 | D:5      | Found a basalt altar of Yredelemnul.
  3290 | D:5      | Found a sparkling altar of Nemelex Xobeh.
  3302 | D:5      | Found a burning altar of Makhleb.
  3317 | D:5      | Noticed Sigmund
  3331 | D:5      | Killed Sigmund
  3331 | D:5      | Reached XP level 8. HP: 55/79 MP: 6/9
  3665 | D:6      | Noticed Edmund
  3731 | D:5      | Killed Edmund
  3731 | D:5      | Reached **** piety under Okawaru
  3731 | D:5      | Reached skill level 8 in Unarmed Combat
  3786 | D:6      | Reached skill level 5 in Fighting
  3841 | D:6      | Found a staircase to the Ecumenical Temple.
  3901 | D:6      | Noticed Prince Ribbit
  3913 | D:6      | Killed Prince Ribbit
  3997 | D:6      | Reached skill level 9 in Unarmed Combat
  4014 | D:6      | Found an ornate altar of the Wu Jian Council.
  4062 | D:6      | Reached XP level 9. HP: 59/88 MP: 11/11
  4283 | D:7      | Found a flagged portal.
  4284 | D:7      | Got a bone quarterstaff
  4306 | Bailey   | Entered a bailey
  4313 | Bailey   | Noticed a deep elf mage
  4325 | Bailey   | Killed a deep elf mage
  4325 | Bailey   | Reached skill level 5 in Invocations
  4335 | Bailey   | Noticed a deep elf mage
  4336 | Bailey   | Noticed a deep elf mage
  4336 | Bailey   | Noticed a deep elf mage
  4336 | Bailey   | Noticed a deep elf mage
  4336 | Bailey   | Noticed a deep elf mage
  4336 | Bailey   | Noticed a deep elf mage
  4343 | Bailey   | Killed a deep elf mage
  4343 | Bailey   | Reached ***** piety under Okawaru
  4355 | Bailey   | Killed a deep elf mage
  4355 | Bailey   | Reached skill level 10 in Unarmed Combat
  4359 | Bailey   | Killed a deep elf mage
  4359 | Bailey   | Received a gift from Okawaru
  4360 | Bailey   | Got a tattered robe {god gift}
  4492 | D:7      | Identified the +0 robe of a treasure trove {Regen+ MP+9
                  | Str-2 Int+7} (Okawaru gifted it to you in a bailey)
  4614 | D:7      | Reached XP level 10. HP: 86/100 MP: 13/13
  4649 | D:7      | Noticed Pikel
  4660 | D:7      | Killed Pikel
  5459 | D:8      | Noticed Gastronok
  5492 | D:8      | Killed Gastronok
  5492 | D:8      | Reached skill level 5 in Dodging
  5492 | D:8      | Reached skill level 11 in Unarmed Combat
  5504 | D:8      | Identified the +7 quarterstaff of the Volcano {drain, rC+
                  | MR+} (You found it on level 7 of the Dungeon)
  5595 | D:8      | Noticed Maurice
  5611 | D:8      | Killed Maurice
  5611 | D:8      | Reached ****** piety under Okawaru
  5628 | D:8      | Got a sparkling wooden ring
  5730 | D:8      | Received a gift from Okawaru
  5769 | D:8      | Noticed a green ugly thing
  5782 | D:8      | Killed a green ugly thing
  5782 | D:8      | Reached XP level 11. HP: 66/109 MP: 15/15
  5998 | D:8      | Noticed Erica
  6011 | D:8      | Killed Erica
  6014 | D:8      | Noticed Joseph
  6027 | D:8      | Killed Joseph
  6101 | D:8      | Reached skill level 12 in Unarmed Combat
  6175 | D:8      | Noticed a two-headed ogre
  6183 | D:8      | Killed a two-headed ogre
  6186 | D:8      | Found a hazy altar of Hepliaklqana.
  6277 | D:8      | Found an iron altar of Okawaru.
  6279 | D:8      | Found a snail-covered altar of Cheibriados.
  6279 | D:8      | Found a shimmering altar of Xom.
  6281 | D:8      | Found a snail-covered altar of Cheibriados.
  6281 | D:8      | Found a blossoming altar of Fedhas.
  6281 | D:8      | Found a bloodstained altar of Trog.
  6517 | D:9      | Found a staircase to the Orcish Mines.
  7028 | D:9      | Found an opulent altar of Gozag.
  7119 | D:9      | Found an ancient bone altar of Kikubaaqudgha.
  7276 | D:10     | Entered Level 10 of the Dungeon
  7366 | D:10     | Noticed Psyche
  7388 | D:10     | Paralysed by something for 5 turns
  7507 | D:10     | Found Cety's Jewellery Emporium.
  7731 | D:10     | Found a staircase to the Lair.
  7834 | D:10     | Killed Psyche
  7853 | D:10     | Noticed Snorg
  7853 | D:10     | Noticed Grum
  7878 | D:10     | Demolished by Snorg

Skill      XL: |  1  2  3  4  5  6  7  8  9 10 11 |
---------------+----------------------------------+-----
Unarmed Combat | 4 5 6 7 9 10 11 12 | 12.8
Fighting       | 3 4 5 6 7 8 |  8.0
Invocations    | 1 2 3 4 5 7 8 |  8.0
Dodging        | 3 5 6 |  6.2
Stealth        | |  1.0

Action                   |  1- 3 |  4- 6 |  7- 9 | 10-12 || total
-------------------------+-------+-------+-------+-------++-------
Melee: Unarmed           |   124 |   174 |   203 |   383 ||   884
       Punch             |     1 |     3 |     4 |    21 ||    29
Invok: Heroism           |       |     1 |     2 |     3 ||     6
  Use: Potion            |       |     1 |       |     2 ||     3
       Scroll            |       |       |    12 |     1 ||    13
 Stab: Sleeping          |     3 |       |     1 |     4 ||     8
       Confused          |       |       |       |     1 ||     1
  Eat: Chunk             |    14 |    17 |    14 |    19 ||    64
       Ration            |       |       |       |     1 ||     1
Armor: Robe              |    73 |    50 |    53 |   165 ||   341
Dodge: Dodged            |   103 |    78 |    89 |   242 ||   512
